 Zot Defence DCSS version 0.15.2 (webtiles) character file.

28460 hexophile the Fighter (level 13, -1/144 HPs)
             Began as a Troll Fighter on Jan 28, 2016.
             Was a Follower of Makhleb.
             Killed by divine providence
             ... invoked by a deep elf priest (illusionary)
              (12 damage)
             ... in the Realm of Zot (Scenario I: Hall of Zot).
             The game lasted 00:03:03 (5716 turns).

hexophile the Fighter (Troll Fighter)               Turns: 5716, Time: 00:03:03

HP  -1/144       AC  5     Str 31      XL: 13   Next:  9%
MP   5/5         EV 10     Int  4      God: Makhleb [*.....]
Gold 0           SH  0     Dex  9      Spells:  0 memorised, 12 levels left

rFire  . . .     SeeInvis .     k - +2 battleaxe (freeze)
rCold  . . .     Clarity  .     b - +0 robe
rNeg   . . .     rCorr    .     (shield restricted)
rPois  .         rRot     .     (helmet restricted)
rElec  .         Spirit   .     (no cloak)
SustAb .         Warding  .     (gloves unavailable)
rMut   .         Stasis   .     (boots unavailable)
Gourm  +                        (no amulet)
MR     .....                    (no ring)
                                (no ring)

@: not resistant to hostile enchantments, very unstealthy
A: unfitting armour, claws 3, fast metabolism 3, gourmand, regeneration 2,
saprovore 2, shaggy fur 1, tough skin 2
a: Make oklob sapling, Make arrow trap, Make plant, Remove Curse, Make burning
bush, Make altar, Make grenades, Make oklob plant, Make net trap, Make ice
statue, Make spear trap, Make alarm trap, Make mushroom circle, Make bolt trap,
Renounce Religion


You were in the Realm of Zot.
You worshipped Makhleb.
Makhleb was aware of your devotion.
You were not hungry.

You visited 1 branch


Innate Abilities, Weirdness & Mutations

You are too large for most types of armour.
You have claws for hands.
Your metabolism is lightning-fast.
You like to eat raw meat.
You heal very quickly.
You can eat rotten meat.
You are covered in fur (AC +1).
You have very tough skin (AC +2).

Inventory:

Hand weapons
 k - a +2 battleaxe of freezing (weapon)
Missiles
 c - 5 large rocks (quivered)
Armour
 b - a +0 robe (worn)
Comestibles
 d - 2 meat rations
Scrolls
 j - a scroll of blinking
Potions
 a - 3 potions of curing
 e - a potion of might
 g - a potion of haste
 h - 2 potions of magic
 i - a potion of berserk rage


You had 12 spell levels left.
You didn't know any spells.


   Skills:
 * Level 13.0 Fighting
 * Level 9.7 Axes
 - Level 3.2 Dodging
   Level 3.3 Shields
 - Level 10.9 Unarmed Combat

Dungeon Overview and Level Annotations

Branches:
    Zot (1/1)

Altars:
Makhleb

Vault maps used:
Zot:      zotvault
You       could see a wizard, a blue devil, an orc sorcerer, 2 deep elf priests,
          an iron imp, a white imp, an ettin simulacrum, a tengu zombie, 5
          yaktaur zombies, a storm dragon skeleton and a deep troll skeleton.


Message History

You kill the centaur!
The centaur's corpse shimmers and vanishes!
You barely miss the deep elf priest.
The deep elf priest is moderately wounded.
You slice the sphinx zombie!! You freeze the sphinx zombie.
You hit the deep elf priest. You freeze the deep elf priest.
The deep elf priest is moderately wounded.
You slice the sphinx zombie!!
The wizard tries to enchant you with its gaze.
You barely miss the deep elf priest.
The deep elf priest is moderately wounded.
You slice the sphinx zombie!! You freeze the sphinx zombie.
You destroy the sphinx zombie!
Makhleb accepts your kill.
The wizard is no longer moving quickly.
The wizard mumbles some strange words.
The wizard seems to speed up.
The blue devil swoops through the air toward you!
The blue devil closely misses you.
You hit the blue devil but do no damage.
You barely miss the deep elf priest. You slash the yaktaur zombie!
You slice the yaktaur zombie!! You freeze the yaktaur zombie.
You slash the deep elf priest! You freeze the deep elf priest.
The deep elf priest is heavily wounded.
The wizard casts a spell.
The wizard becomes larger for a moment.
The iron imp grinds its teeth.
The wizard throws some strange powder towards you.
You slice the blue devil!!
The blue devil is severely wounded.
You slash the deep elf priest! You freeze the deep elf priest.
The deep elf priest is heavily wounded.
You slash the yaktaur zombie! You hit the yaktaur zombie.
You closely miss the deep elf priest.
The deep elf priest is heavily wounded.
The sixfirhy disappears in a puff of smoke!
The rakshasa gestures.
The rakshasa blinks!
You closely miss the deep elf priest.
The deep elf priest is heavily wounded.
You hit the yaktaur zombie. You slice the yaktaur zombie!!
You freeze the yaktaur zombie. You slice the deep elf priest!!
You freeze the deep elf priest!
The deep elf priest is almost dead.
The deep elf priest mumbles some strange prayers to its god against something.
Something smites you!
* * * LOW HITPOINT WARNING * * *
The deep elf priest mumbles some strange prayers to its god against something.
Something smites you!
You die...

Action                   |  1- 3 |  4- 6 |  7- 9 | 10-12 | 13-15 || total
-------------------------+-------+-------+-------+-------+-------++-------
Melee: Unarmed           |    19 |    13 |    34 |       |       ||    66
       Battleaxe         |       |       |       |   198 |    19 ||   217
 Abil: Make altar        |       |       |     1 |       |       ||     1
  Use: Potion            |       |       |       |       |     1 ||     1

Notes
Turn   | Place    | Note
--------------------------------------------------------------
     0 | Zot      | hexophile, the Troll Fighter, began the quest for the Orb.
     0 | Zot      | Reached XP level 1. HP: 22/22 MP: 1/1
  4168 | Zot      | Noticed a necromancer
  4168 | Zot      | Noticed a deep troll skeleton
  4169 | Zot      | Noticed a fire giant simulacrum
  4169 | Zot      | Noticed a frost giant skeleton
  4198 | Zot      | Killed a deep troll skeleton
  4198 | Zot      | Reached skill level 3 in Fighting
  4198 | Zot      | Reached skill level 3 in Dodging
  4198 | Zot      | Reached skill level 3 in Shields
  4198 | Zot      | Reached skill level 3 in Unarmed Combat
  4198 | Zot      | Reached XP level 2. HP: 29/31 MP: 1/1
  4198 | Zot      | Reached XP level 3. HP: 34/37 MP: 2/2
  4198 | Zot      | Reached XP level 4. HP: 41/45 MP: 2/2
  4198 | Zot      | Reached XP level 5. HP: 48/53 MP: 2/2
  4211 | Zot      | Killed a frost giant skeleton
  4211 | Zot      | Reached skill level 5 in Fighting
  4211 | Zot      | Reached skill level 5 in Unarmed Combat
  4211 | Zot      | Reached XP level 6. HP: 61/66 MP: 3/3
  4211 | Zot      | Reached XP level 7. HP: 66/72 MP: 3/3
  4218 | Zot      | Killed a necromancer
  4218 | Zot      | Reached skill level 6 in Fighting
  4218 | Zot      | Reached skill level 7 in Unarmed Combat
  4218 | Zot      | Reached XP level 8. HP: 78/84 MP: 3/3
  4222 | Zot      | Killed a fire giant simulacrum
  4222 | Zot      | Reached skill level 7 in Fighting
  4222 | Zot      | Reached skill level 8 in Unarmed Combat
  4222 | Zot      | Reached XP level 9. HP: 85/93 MP: 4/4
  4228 | Zot      | Became a worshipper of Makhleb the Destroyer
  4255 | Zot      | Noticed a deep elf conjurer
  4268 | Zot      | Killed a deep elf conjurer
  4268 | Zot      | Reached skill level 9 in Unarmed Combat
  4276 | Zot      | Reached skill level 8 in Fighting
  5057 | Zot      | Noticed a frost giant
  5077 | Zot      | Killed a frost giant
  5077 | Zot      | Reached skill level 9 in Fighting
  5077 | Zot      | Reached skill level 10 in Unarmed Combat
  5077 | Zot      | Reached XP level 10. HP: 102/107 MP: 4/4
  5176 | Zot      | Noticed a cyclops
  5188 | Zot      | Reached skill level 1 in Axes
  5195 | Zot      | Killed a cyclops
  5195 | Zot      | Reached skill level 10 in Fighting
  5195 | Zot      | Reached skill level 3 in Axes
  5259 | Zot      | Noticed a large abomination
  5267 | Zot      | Noticed a large abomination
  5285 | Zot      | Killed a large abomination
  5285 | Zot      | Reached skill level 4 in Axes
  5285 | Zot      | Reached XP level 11. HP: 117/119 MP: 4/4
  5287 | Zot      | Killed a large abomination
  5293 | Zot      | Killed a shadow wraith
  5293 | Zot      | Reached skill level 5 in Axes
  5356 | Zot      | Noticed a yaktaur captain
  5373 | Zot      | Noticed a yaktaur captain
  5383 | Zot      | Noticed a minotaur
  5387 | Zot      | Noticed a yaktaur captain
  5419 | Zot      | Reached skill level 11 in Fighting
  5421 | Zot      | Reached skill level 6 in Axes
  5435 | Zot      | Killed a minotaur
  5440 | Zot      | Killed a yaktaur captain
  5440 | Zot      | Reached skill level 7 in Axes
  5440 | Zot      | Reached XP level 12. HP: 127/130 MP: 5/5
  5444 | Zot      | Killed a yaktaur captain
  5444 | Zot      | Killed a yaktaur captain
  5444 | Zot      | Reached skill level 12 in Fighting
  5444 | Zot      | Reached skill level 8 in Axes
  5454 | Zot      | Acquired Makhleb's first power
  5541 | Zot      | Reached skill level 9 in Axes
  5629 | Zot      | Reached XP level 13. HP: 141/141 MP: 5/5
  5699 | Zot      | Reached skill level 13 in Fighting
  5704 | Zot      | HP: 5/144 [deep elf priest (illusionary)/divine providence (16)]
  5716 | Zot      | Killed from afar by a deep elf priest (illusionary)

Table legend:
 A = Turns spent in this place as a percentage of turns spent in the entire game.
 B = Non-inter-level travel turns spent in this place as a percentage of non-inter-level travel turns spent in the entire game.
 C = Inter-level travel turns spent in this place as a percentage of turns spent in this place.
 D = Turns resting spent in this place as a percentage of non-inter-level travel turns spent in this place.
 E = Turns spent auto-exploring this place as a percentage of non-inter-level travel turns spent in this place.
 F = Non-inter-level travel turns spent in this place divided by the number of levels of this place that you've seen.
                   A       B       C       D       E      F
               +-------+-------+-------+-------+-------+----------------------
         Total | 100.0 | 100.0 |   0.0 |  14.6 |   0.0 | 885.0
           Zot | 100.0 | 100.0 |   0.0 |  14.6 |   0.0 | 885.0
               +-------+-------+-------+-------+-------+----------------------

Table legend:
 A = Kills in this place as a percentage of kills in entire the game.
 B = Kills by you in this place as a percentage of kills by you in the entire game.
 C = Kills by friends in this place as a percentage of kills by friends in the entire game.
 D = Other kills in this place as a percentage of other kills in the entire game.
 E = Experience gained in this place as a percentage of experience gained in the entire game.
 F = Experience gained in this place divided by the number of levels of this place that you have seen.
                   A       B       C       D       E      F
               +-------+-------+-------+-------+-------+----------------------
         Total | 100.0 | 100.0 |  -nan |  -nan | 100.0 | 40658.0
           Zot | 100.0 | 100.0 |  -nan |  -nan | 100.0 | 40658.0
               +-------+-------+-------+-------+-------+----------------------

Vanquished Creatures
  A frost giant (Zot)
  A minotaur (Zot)
  3 yaktaur captains (Zot)
  2 death yaks (Zot)
  3 spriggans (Zot)
  2 spriggan berserkers (Zot)
  A shadow wraith (Zot)
  A necromancer (Zot)
  2 large abominations (Zot)
  A sphinx zombie (Zot)
  A deep elf conjurer (Zot)
  A cyclops (Zot)
  2 orc sorcerers (Zot)
  An elephant (shapeshifter) (Zot)
  A frost giant skeleton (Zot)
  4 elephants (Zot)
  A queen ant (Zot)
  9 yaktaurs (Zot)
  3 polar bears (Zot)
  A blue devil (Zot)
  A fire giant simulacrum (Zot)
  A basilisk (Zot)
  A trapdoor spider (Zot)
  A wraith (Zot)
  A mottled dragon (Zot)
  A small abomination (Zot)
  A deep troll skeleton (Zot)
  2 centaurs (Zot)
  3 yellow wasps (Zot)
  An eye of draining (Zot)
  2 crawling corpses (Zot)
56 creatures vanquished.
